 Dungeon Crawl Stone Soup version 0.31.0-11-ge490571c62 (webtiles) character file.

Game seed: 6289168443556614167

76827 Drazool the Toxicologist (level 15, -1/73 HPs)
             Began as a Spriggan Alchemist on Jan 26, 2024.
             Was a High Priest of Sif Muna.
             Slain by Rupert
             ... wielding a +1 great mace of protection
              (26 damage)
             ... on level 2 of the Orcish Mines.
             The game lasted 02:19:17 (32109 turns).

Drazool the Toxicologist (Spriggan Alchemist)      Turns: 32109, Time: 02:19:17

Health: -1/73      AC:  7    Str:  4    XL:     15   Next: 13%
Magic:  17/30      EV: 21    Int: 23    God:    Sif Muna [*****.]
Gold:   2061       SH:  0    Dex: 17    Spells: 3/34 levels left

rFire   + . .        y - staff of fire {!a}
rCold   + + .        (shield currently unavailable)
rNeg    . . .        V - +1 robe {rC+}
rPois   +            e - +1 hat
rElec   .            u - +2 cloak {Will+}
rCorr   .            (gloves unavailable)
SInv    +            (boots unavailable)
Will    +++..        E - amulet of regeneration
Stlth   +++++        P - ring of poison resistance
HPRegen 1.12/turn    C - ring of protection from cold
MPRegen 0.22/turn

%: no passive effects
@: very quick
A: very small, no large weapons, unfitting armour, see invisible, speed 3
a: Renounce Religion, Channel Magic, Forget Spell, Divine Exegesis


You were on level 2 of the Orcish Mines.
You worshipped Sif Muna.
Sif Muna was extremely pleased with you.
You visited 4 branches of the dungeon, and saw 21 of its levels.
You also visited: Bailey and Ice Cave.

You collected 2401 gold pieces.
You spent 340 gold pieces at shops.


Innate Abilities, Weirdness & Mutations

You are very small and have problems with some larger weapons.
You are too small for most types of armour.
You have supernaturally acute eyesight. (SInv)
You cover ground extremely quickly. (Speed+++)


   Skills:
 - Level 6.0 Fighting
 - Level 3.0 Armour
 - Level 7.0 Dodging
 - Level 10.0 Stealth
 - Level 10.0 Spellcasting
 - Level 7.0 Conjurations
 + Level 8.0 Hexes
 - Level 5.0 Summonings
 - Level 4.0 Translocations
 - Level 10.0 Fire Magic
 - Level 7.0 Air Magic
 - Level 13.0 Alchemy
 - Level 8.0 Invocations
 - Level 4.0 Evocations


You had 3 spell levels left.
You knew the following spells:

 Your Spells              Type           Power      Damage    Failure   Level
a - Apportation           Tloc           58%        N/A       1%          1
f - Fireball              Conj/Fire      33%        3d14      4%          5
m - Mephitic Cloud        Conj/Alch/Air  52%        N/A       1%          3
o - Olgreb's Toxic Radia  Alch           63%        N/A       1%          4
y - Sticky Flame          Fire/Alch      77%        2d12      1%          4
z - Sting                 Conj/Alch      100%       1d9       1%          1
B - Blink                 Tloc           58%        N/A       1%          2
X - Mercury Vapours       Alch/Air       100%       N/A       1%          2
Y - Summon Blazeheart Go  Fire/Summ      62%        N/A       2%          4
Z - Yara's Violent Unrav  Hex/Alch       28%        3d12      1%          5

Your spell library contained the following spells:

 Spells                   Type           Power      Damage    Failure   Level
 Foxfire                  Conj/Fire      100%       2x1d9     1%          1
 Kiss of Death            Conj/Necr      100%       2d13      1%          1
 Magic Dart               Conj           100%       1d8       1%          1
 Summon Small Mammal      Summ           100%       N/A       1%          1
 Call Imp                 Summ           68%        N/A       1%          2
 Ensorcelled Hibernation  Hex/Ice        58%        N/A       1%          2
 Jinxbite                 Hex            96%        N/A       1%          2
 Momentum Strike          Conj/Tloc      72%        3d10      1%          2
 Searing Ray              Conj           86%        2d7       1%          2
 Static Discharge         Conj/Air       86%        3-7/arc   1%          2
 Confusing Touch          Hex            48%        N/A       1%          3
 Dazzling Flash           Conj/Hex       92%        N/A       1%          3
 Inner Flame              Hex/Fire       68%        N/A       1%          3
 Call Canine Familiar     Summ           34%        N/A       2%          3
 Hailstorm                Conj/Ice       27%        3d8       4%          3
 Stone Arrow              Conj/Erth      54%        3d10      4%          3
 Freeze                   Ice            44%        1d6       5%          1
 Necrotise                Necr           44%        1d6       5%          1
 Frozen Ramparts          Ice            22%        1d4       17%         3
 Fugue of the Fallen      Necr           11%        N/A       17%         3
 Cause Fear               Hex            24%        N/A       1%          4
 Fulminant Prism          Conj/Alch      27%        3d14      1%          4
 Ignite Poison            Fire/Alch      77%        N/A       1%          4
 Leda's Liquefaction      Alch/Erth      20%        N/A       3%          4
 Petrify                  Alch/Erth      41%        N/A       3%          4
 Dimensional Bullseye     Hex/Tloc       19%        N/A       4%          4
 Silence                  Hex/Air        23%        N/A       7%          5
 Anguish                  Hex/Necr       14%        N/A       11%         4
 Passage of Golubria      Tloc           29%        N/A       11%         4
 Summon Forest            Summ/Tloc      16%        N/A       24%         5
 Metabolic Englaciation   Hex/Ice        14%        N/A       30%         5
 Conjure Ball Lightning   Conj/Air       21%        3x3d6     43%         6
 Dispel Undead            Necr           11%        3d9       50%         4
 Sculpt Simulacrum        Ice/Alch       20%        N/A       52%         6
 Curse of Agony           Necr           11%        N/A       83%         5
 Enfeeble                 Hex            24%        N/A       87%         7
 Lehudib's Crystal Spear  Conj/Erth      13%        10d5      100%        8
 Dragon's Call            Summ           17%        N/A       100%        9

Inventory:

Hand Weapons
 T - a +0 demon blade of freezing
Missiles
 m - 3 throwing nets {=f}
Armour
 e - a +1 hat (worn)
 u - a +2 cloak of willpower (worn)
 K - +0 acid dragon scales
 O - a +0 buckler of cold resistance
 S - a +0 kite shield of cold resistance
 V - a +1 robe of cold resistance (worn)
Magical Staves
 s - a staff of conjuration {!a}
 t - a staff of cold {!a}
 y - a staff of fire (weapon) {!a}
Jewellery
 C - a ring of protection from cold (right hand)
 E - an amulet of regeneration (around neck)
 M - an amulet of reflection
 P - a ring of poison resistance (left hand)
 Q - an amulet of guardian spirit
 R - a ring of resist corrosion
 W - a ring of willpower
Wands
 n - a wand of mindburst (8)
 x - a wand of charming (11)
 A - a wand of flame (53)
 G - a wand of acid (6)
 H - a wand of iceblast (12)
 I - a wand of polymorph (12)
Scrolls
 d - 4 scrolls of amnesia
 f - 9 scrolls of teleportation {@r2}
 k - 8 scrolls of noise
 l - 3 scrolls of silence {!r}
 q - 4 scrolls of vulnerability
 w - 5 scrolls of immolation
 D - a scroll of enchant weapon
 J - a scroll of enchant armour
 N - a scroll of poison
 U - 2 scrolls of fog
Potions
 b - 2 potions of magic
 c - 3 potions of resistance
 g - 2 potions of ambrosia
 h - 6 potions of curing {@q1}
 i - 4 potions of might
 j - 3 potions of heal wounds {@q2}
 o - 3 potions of attraction
 p - 2 potions of lignification
 r - 3 potions of mutation
 v - 6 potions of brilliance
 z - a potion of haste {unknown}
 B - 4 potions of enlightenment
 F - a potion of cancellation
 L - 2 potions of invisibility {unknown}

Dungeon Overview and Level Annotations

Branches:
Dungeon (13/15)            Temple (1/1) D:7            Lair (5/5) D:8
 Shoals (0/4) Lair:2       Spider (0/4) Lair:2        Slime (0/5) Lair:4
    Orc (2/2) D:11            Elf (0/3) Orc:2        Bailey (visited)
  IceCv (visited)
 Vaults: D:13-14

Altars:
Ashenzari
Cheibriados
Dithmenos
Elyvilon
Fedhas
Gozag
Hepliaklqana
Kikubaaqudgha
Makhleb
Nemelex Xobeh
Okawaru
Qazlal
Ru
Sif Muna
Trog
Uskayaw
Vehumet
Wu Jian
Xom
Yredelemnul
Zin
The Shining One
Jiyva

Shops:
D:8 =   D:10 ?   Orc:1 (

Annotations:
D:3 2 transporters, Consumeair16's ghost, amateur GnMo
Lair:1 3 runed translucent doors, Beischinu's ghost, journeyman MiFi
Lair:2 exclusion: 3 oklob plants
Lair:5 exclusion: obsidian statue
Orc:2 Rupert

..........................#
......................##.##
......................####
..............#...<..###
.............#.......#.#####
..............#...).....##.##
........................#...#
..................).....#...#
...............@@.)........####
................9...........#.##
.................[#.......<....#
..............................##
.............................##
.#........................#.##
..........................##.##
.#.......................##...#
.#......................####.##


You could see Rupert (berserk, very poisoned, ally target) and a friendly
blazeheart golem (summoned).


Message History

Unknown command.
Rupert is engulfed in blazing flames.
Casting: Summon Blazeheart Golem (dangerous; 2% risk of failure)
Confirm with . or Enter, or press ? or * to list all spells.
You feel a surge of power!
A fiery spirit appears, bound in slag iron.
Rupert is engulfed in blazing flames.
Rupert rages.
Your blazeheart golem closely misses Rupert.
Your blazeheart golem's core grows cold and it stops moving.
Rupert attacks as he pursues you!
Rupert hits you with a +1 great mace of protection!!
Okay, then.
Unknown command.
Unknown command.
Casting: Summon Blazeheart Golem (dangerous; 2% risk of failure)
Confirm with . or Enter, or press ? or * to list all spells.
Okay, then.
Unknown command.
Casting: Summon Blazeheart Golem (dangerous; 2% risk of failure)
Confirm with . or Enter, or press ? or * to list all spells.
You feel a surge of power!
A fiery spirit appears, bound in slag iron.
Your blazeheart golem disappears in a puff of smoke!
Rupert hits you with a +1 great mace of protection!!
* * * LOW HITPOINT WARNING * * *
Rupert attacks as he pursues you!
Rupert hits you with a +1 great mace of protection!!
You die...
Rupert roars with triumph.

Skill      XL: |  1  2  3  4  5  6  7  8  9 10 11 12 13 14 15 |
---------------+----------------------------------------------+-----
Alchemy        | 4 6 8 9 11 13 | 13.0
Spellcasting   | 3 4 5 7 10 | 10.0
Stealth        | 4 5 7 8 10 | 10.0
Air Magic      | 1 3 5 7 |  7.0
Conjurations   | 2 3 5 7 |  7.0
Dodging        | 4 7 |  7.0
Fighting       | 2 4 5 6 |  6.0
Translocations | 1 4 |  4.0
Fire Magic     | 5 6 7 8 10 | 10.0
Invocations    | 5 7 8 |  8.0
Summonings     | 5 |  5.0
Evocations     | 4 |  4.0
Armour         | 3 |  3.0
Hexes          | 6 8 |  8.0

Action                     |  1- 3 |  4- 6 |  7- 9 | 10-12 | 13-15 || total
---------------------------+-------+-------+-------+-------+-------++-------
  Melee: Unarmed           |       |     1 |     2 |       |       ||     3
         Staff             |       |       |     2 |    15 |    27 ||    44
   Cast: Sting             |    90 |    74 |   115 |   129 |   137 ||   545
         Mercury Vapours   |       |     7 |     8 |     7 |     2 ||    24
         Olgreb's Toxic Ra |       |       |    51 |   117 |   186 ||   354
         Sticky Flame      |       |       |     9 |    14 |    23 ||    46
         Mephitic Cloud    |       |       |     2 |    24 |    15 ||    41
         Summon Blazeheart |       |       |       |    17 |   128 ||   145
         Apportation       |       |       |       |     7 |     3 ||    10
         Yara's Violent Un |       |       |       |       |     4 ||     4
         Blink             |       |       |       |       |     1 ||     1
 Invoke: Channel Magic     |       |       |       |     3 |     1 ||     4
  Evoke: Wand              |       |       |       |     6 |     5 ||    11
    Use: Scroll            |     3 |       |     4 |    16 |     4 ||    27
         Potion            |       |     2 |     1 |     1 |     1 ||     5
 Armour: Robe              |     6 |    12 |    26 |    57 |    86 ||   187
  Dodge: Dodged            |    16 |    20 |    47 |    79 |   148 ||   310

Levels and vault maps discovered:
D:1:      sevenhm_arrival_forest_fort_small_3, layout_basic,
          hellmonk_ecumenical_altar_heavens_door, nicolae_the_louvre
D:2:      layout_basic, basic_altar
D:3:      layout_loops_ring, nicolae_ru_path_of_blood,
          gammafunk_ghost_mausoleum, serial_co_window_serial,
          co_window_corner_a, co_window_corner_a, co_window_of_opportunity_a,
          co_window_paths_a, co_window_of_opportunity_a, co_window_paths_a,
          co_window_of_opportunity_b, co_window_broadway_a, co_window_corner_b,
          co_window_2corner, glass_columns_c, uniq_sigmund
D:4:      layout_loops_cross, mainiacjoe_overflow_small_starburst,
          xom_butterflies
D:5:      layout_rooms, uniq_prince_ribbit1
D:6:      nicolae_cairo_tiling_very_big, layout_rooms,
          hellmonk_sif_muna_bookshelves
D:7:      layout_rooms, grunt_temple_overflow_growth_and_decay,
          mainiacjoe_overflow_paths, minmay_temple_entry_hall,
          minmay_misc_feat_nine_boxes
D:8:      layout_loops_ring, chequers_temple_overflow_statue_of_worship,
          grunt_lair_entry_orc_guard_hut, serial_shops, shop_coins, uniq_pikel
D:9:      minmay_slanted_spiral_squares, layout_cave_pools, minmay_statues_item,
          minmay_nine_imps, uniq_maggie
D:10:     layout_roguey, enter_bailey_3, serial_shops, nicolae_stop_n_shop_1
D:11:     layout_stronghold, erik_orc_4
D:12:     layout_loops_ring, minivault_25
D:13:     layout_roguey, gauntlet_entry_generic, chequers_serial_rivers_micro_e,
          uniq_josephine
Temple:   oiseaux_autumnal_temple
Lair:1:   layout_chaotic_city, gammafunk_ghost_necromancy
Lair:2:   nzn_winding_woodlands_stair_cross [nzn_winding_woodlands_5x15_cabin,
          nzn_winding_woodlands_center_garden, nzn_winding_woodlands_5x15_eye,
          nzn_winding_woodlands_5x5_open_star, nzn_winding_woodlands_5x5_three,
          nzn_winding_woodlands_5x15_river_crossing,
          nzn_winding_woodlands_center_lodge,
          nzn_winding_woodlands_5x15_sawtooth], layout_regular_city,
          minmay_shoals_entry_lonely_mermaid, nicolae_spider_entry_orb_guardian,
          minmay_lair_oklob_bushes, disabler_island
Lair:3:   nzn_motion_control, layout_cave_shapes
Lair:4:   layout_gridlike, dpeg_slime_entry_enclosed,
          portal_ice_cave_entry_pillars_1
Lair:5:   due_jungle_book, layout_cave_shapes, minivault_19,
          columned_hall_lemuel, nicolae_lair_run_with_the_wolves
Orc:1:    layout_caves, serial_shops, shop, hellmonk_guarded_unrand_dark_maul,
          uniq_fannar
Orc:2:    grunt_orc_cross, layout_caves, uniq_rupert

Notes
Turn   | Place    | Note
-------+----------+-------------------------------------------
     0 | D:1      | Drazool the Spriggan Alchemist began the quest for the Orb.
     0 | D:1      | Reached XP level 1. HP: 9/9 MP: 5/5
   301 | D:1      | Reached skill level 4 in Alchemy
   301 | D:1      | Reached XP level 2. HP: 13/13 MP: 2/6
   308 | D:1      | Learned a level 2 spell: Mercury Vapours
   553 | D:1      | Reached skill level 3 in Spellcasting
  1019 | D:1      | Found a faded altar of an unknown god.
  1075 | D:1      | Reached skill level 4 in Stealth
  1521 | D:2      | Reached XP level 3. HP: 16/16 MP: 6/8
  1525 | D:2      | Learned a level 3 spell: Mephitic Cloud
  1623 | D:2      | Found a shadowy altar of Dithmenos.
  2376 | D:3      | Noticed Sigmund
  2402 | D:3      | Reached skill level 5 in Stealth
  2469 | D:3      | Found a transporter.
  2472 | D:3      | Noticed Consumeair16's ghost (amateur GnMo)
  2476 | D:3      | Noticed a wight
  2477 | D:3      | Found a transporter.
  2613 | D:4      | Identified 2 potions of resistance
  2747 | D:3      | Reached skill level 1 in Air Magic
  3224 | D:3      | Reached XP level 4. HP: 21/21 MP: 7/9
  3247 | D:3      | Found a sacrificial altar of Ru.
  3582 | D:3      | Killed Sigmund
  3583 | D:3      | Reached skill level 3 in Air Magic
  3583 | D:3      | Reached skill level 2 in Conjurations
  3583 | D:3      | Reached XP level 5. HP: 19/24 MP: 5/10
  3842 | D:4      | Found an ornate altar of the Wu Jian Council.
  3855 | D:4      | Reached XP level 6. HP: 28/28 MP: 7/11
  3980 | D:4      | Reached skill level 3 in Conjurations
  4292 | D:4      | Reached skill level 3 in Dodging
  4789 | D:4      | Reached skill level 4 in Dodging
  4789 | D:4      | Reached skill level 1 in Fighting
  4968 | D:4      | Reached skill level 2 in Fighting
  5067 | D:4      | Reached XP level 7. HP: 21/35 MP: 6/12
  5148 | D:4      | Found a shimmering altar of Xom.
  5311 | D:3      | Reached skill level 5 in Alchemy
  5523 | D:4      | Learned a level 4 spell: Olgreb's Toxic Radiance
  5539 | D:5      | Entered Level 5 of the Dungeon
  5671 | D:5      | Noticed Prince Ribbit
  5691 | D:5      | Killed Prince Ribbit
  5692 | D:5      | Reached skill level 6 in Alchemy
  5692 | D:5      | Reached skill level 4 in Spellcasting
  6115 | D:5      | Reached XP level 8. HP: 39/39 MP: 9/15
  6219 | D:6      | Reached skill level 7 in Alchemy
  6671 | D:6      | Reached skill level 8 in Alchemy
  6792 | D:6      | Learned a level 2 spell: Blink
  6889 | D:6      | Reached skill level 1 in Translocations
  7019 | D:6      | Found a shimmering blue altar of Sif Muna.
  7035 | D:6      | Became a worshipper of Sif Muna the Loreminder
  7083 | D:7      | Found a hazy altar of Hepliaklqana.
  7190 | D:7      | Learned a level 4 spell: Sticky Flame
  7219 | D:6      | Reached skill level 1 in Fire Magic
  7410 | D:7      | Reached skill level 2 in Fire Magic
  7590 | D:7      | Reached skill level 3 in Fire Magic
  7858 | D:7      | Found a staircase to the Ecumenical Temple.
  7938 | Temple   | Entered the Ecumenical Temple
  8106 | D:7      | Reached skill level 4 in Fire Magic
  8223 | D:7      | Found a blossoming altar of Fedhas.
  8223 | D:7      | Found an ancient bone altar of Kikubaaqudgha.
  8452 | D:8      | Reached skill level 5 in Fire Magic
  8452 | D:8      | Reached XP level 9. HP: 35/42 MP: 9/16
  8619 | D:8      | Reached skill level 5 in Spellcasting
  8679 | D:8      | Found Anujydan's Jewellery Boutique.
  8684 | D:8      | Reached * piety under Sif Muna
  8776 | D:8      | Bought a ring of poison resistance for 280 gold pieces
  8839 | D:8      | Noticed a troll
  8866 | D:8      | Killed a troll
  8867 | D:8      | Reached skill level 9 in Alchemy
  9311 | D:8      | Reached skill level 6 in Fire Magic
  9311 | D:8      | Reached skill level 1 in Invocations
  9322 | D:8      | Reached skill level 2 in Invocations
  9525 | D:8      | Found an iron altar of Okawaru.
  9528 | D:8      | Found a broken altar of Ashenzari.
  9551 | D:8      | Noticed an elephant
  9553 | D:8      | Reached skill level 3 in Invocations
  9570 | D:8      | Killed an elephant
  9571 | D:8      | Reached skill level 4 in Invocations
  9838 | D:8      | Noticed Pikel
  9885 | D:8      | Killed Pikel
  9886 | D:8      | Reached skill level 5 in Invocations
  9886 | D:8      | Reached XP level 10. HP: 46/46 MP: 0/18
  9888 | D:8      | Reached skill level 6 in Invocations
 10009 | D:8      | Found a staircase to the Lair.
 10113 | D:8      | Reached skill level 7 in Invocations
 10703 | D:9      | Reached skill level 10 in Alchemy
 10891 | D:9      | Noticed Maggie
 11004 | D:9      | Killed Maggie
 11005 | D:9      | Reached skill level 11 in Alchemy
 11188 | D:9      | Reached skill level 6 in Stealth
 11234 | D:9      | Reached ** piety under Sif Muna
 11392 | D:9      | Reached skill level 7 in Stealth
 11506 | D:9      | Noticed a two-headed ogre
 11507 | D:9      | Noticed a boulder beetle
 11548 | D:9      | Killed a two-headed ogre
 11627 | D:9      | Noticed a centaur warrior
 11636 | D:9      | Killed a boulder beetle
 11637 | D:9      | Reached skill level 7 in Fire Magic
 11637 | D:9      | Reached XP level 11. HP: 50/50 MP: 6/19
 11867 | D:9      | Killed a centaur warrior
 12096 | D:9      | Noticed a skeletal warrior
 12108 | D:9      | Learned a level 4 spell: Summon Blazeheart Golem
 12127 | D:10     | Entered Level 10 of the Dungeon
 12166 | D:10     | Reached skill level 1 in Summonings
 12333 | D:10     | Found Jitseizo's Magic Scroll Shop.
 12341 | D:10     | Bought a scroll of identify for 30 gold pieces
 12341 | D:10     | Bought a scroll of identify for 30 gold pieces
 12702 | D:10     | Found a flagged portal.
 12708 | Bailey   | Entered a bailey
 12719 | Bailey   | Reached skill level 2 in Summonings
 12728 | Bailey   | Reached skill level 3 in Summonings
 12795 | Bailey   | Reached skill level 4 in Summonings
 13068 | Bailey   | Noticed a vault guard
 13095 | Bailey   | Killed a vault guard
 13096 | Bailey   | Reached skill level 5 in Summonings
 13181 | Bailey   | Noticed a vault guard
 13214 | Bailey   | Killed a vault guard
 13215 | Bailey   | Reached skill level 4 in Air Magic
 13685 | D:10     | Reached *** piety under Sif Muna
 13754 | D:10     | Reached skill level 5 in Air Magic
 14013 | Lair:1   | Entered Level 1 of the Lair of Beasts
 14018 | Lair:1   | Reached skill level 8 in Fire Magic
 14018 | Lair:1   | Reached skill level 1 in Evocations
 14023 | Lair:1   | Reached skill level 3 in Evocations
 14148 | D:8      | Reached skill level 4 in Evocations
 14279 | Lair:1   | Reached skill level 6 in Spellcasting
 14391 | Lair:1   | Reached skill level 7 in Spellcasting
 14539 | Lair:1   | Found a runed translucent gate.
 14539 | Lair:1   | Found a runed translucent gate.
 14539 | Lair:1   | Found a runed translucent gate.
 14541 | Lair:1   | Noticed Beischinu's ghost (journeyman MiFi)
 14566 | Lair:1   | Reached XP level 12. HP: 47/56 MP: 10/23
 14676 | Lair:1   | Reached skill level 3 in Fighting
 14760 | Lair:1   | Reached skill level 4 in Fighting
 15512 | Lair:1   | Reached skill level 5 in Dodging
 15620 | Lair:2   | Reached skill level 6 in Dodging
 15920 | Lair:2   | Learned a level 1 spell: Apportation
 15964 | Lair:2   | Reached skill level 7 in Dodging
 16042 | Lair:2   | Reached skill level 2 in Translocations
 16095 | Lair:2   | Noticed a six-headed hydra
 16111 | Lair:2   | Reached skill level 3 in Translocations
 16125 | Lair:2   | Killed a six-headed hydra
 16126 | Lair:2   | Reached skill level 4 in Translocations
 16200 | Lair:2   | Reached **** piety under Sif Muna
 16351 | Lair:2   | Reached skill level 8 in Invocations
 16394 | Lair:2   | Noticed a death yak
 16394 | Lair:2   | Noticed a death yak
 16394 | Lair:2   | Noticed a death yak
 16417 | Lair:2   | Killed a death yak
 16418 | Lair:2   | Killed a death yak
 16419 | Lair:2   | Reached skill level 4 in Conjurations
 16422 | Lair:2   | Killed a death yak
 16558 | Lair:2   | Found a hole to the Spider Nest.
 16642 | Lair:2   | Found a staircase to the Shoals.
 16668 | Lair:2   | Reached skill level 5 in Conjurations
 16992 | Lair:2   | Reached skill level 1 in Armour
 17257 | Lair:2   | Reached skill level 2 in Armour
 17352 | Lair:2   | Noticed a death yak
 17373 | Lair:2   | Reached skill level 3 in Armour
 17522 | Lair:2   | Noticed a five-headed hydra
 17545 | Lair:2   | Reached skill level 8 in Stealth
 17725 | Lair:2   | Noticed an eight-headed hydra
 17735 | Lair:2   | Killed an eight-headed hydra
 17736 | Lair:2   | Reached XP level 13. HP: 61/61 MP: 16/24
 17750 | Lair:2   | Reached skill level 9 in Stealth
 17959 | Lair:2   | Reached skill level 10 in Stealth
 18890 | Lair:3   | Reached skill level 9 in Fire Magic
 20022 | Lair:3   | Reached skill level 10 in Fire Magic
 20165 | Lair:3   | Reached ***** piety under Sif Muna
 20363 | Lair:4   | Found a viscous altar of Jiyva.
 20363 | Lair:4   | Found a staircase to the Slime Pits.
 20583 | Lair:4   | Found a frozen archway.
 20592 | IceCv    | Entered an ice cave
 21172 | IceCv    | Noticed a white draconian
 21221 | IceCv    | Reached skill level 12 in Alchemy
 21507 | Lair:4   | Received a gift from Sif Muna
 21727 | Lair:4   | Got Sif Muna's Encyclopedia of the Variable Comitatus {god
                  | gift}
 22074 | Lair:4   | Reached skill level 13 in Alchemy
 22581 | Lair:5   | Entered Level 5 of the Lair of Beasts
 23000 | Lair:5   | Reached skill level 5 in Fighting
 23340 | Lair:5   | Reached XP level 14. HP: 69/69 MP: 18/25
 23450 | Lair:5   | Reached skill level 6 in Fighting
 23717 | Lair:5   | Reached skill level 6 in Air Magic
 24333 | Lair:5   | Learned a level 5 spell: Fireball
 24628 | Lair:5   | Reached skill level 7 in Air Magic
 25215 | Lair:5   | Reached skill level 6 in Conjurations
 25673 | Lair:5   | Received a gift from Sif Muna
 25674 | Lair:5   | Got Sif Muna's Opusculum on Weird Destruction {god gift}
 25713 | Lair:5   | Identified the +0 robe of Wu Jian, Bespelling {Rampage
                  | +Blink SInv Stlth-}
 25714 | Lair:5   | Identified the +6 scale mail of the Soldier {Rampage
                  | Regen+}
 26061 | Lair:5   | Reached skill level 7 in Conjurations
 26599 | D:9      | Reached skill level 8 in Spellcasting
 27073 | D:11     | Reached skill level 9 in Spellcasting
 27444 | D:11     | Found a staircase to the Orcish Mines.
 27670 | D:11     | Learned a level 5 spell: Yara's Violent Unravelling
 27981 | D:11     | You fall into a shaft and drop 1 floor!
 28792 | D:12     | Reached skill level 10 in Spellcasting
 28880 | D:12     | Reached skill level 1 in Hexes
 29049 | D:12     | Reached skill level 2 in Hexes
 29519 | D:13     | Reached skill level 3 in Hexes
 29748 | Orc:1    | Entered Level 1 of the Orcish Mines
 29749 | Orc:1    | Noticed an orc warlord
 29763 | Orc:1    | Noticed Fannar
 30056 | Orc:1    | Reached skill level 4 in Hexes
 30093 | Orc:1    | Killed Fannar
 30276 | Orc:1    | Killed an orc warlord
 30276 | Orc:1    | Received a gift from Sif Muna
 30277 | Orc:1    | Reached skill level 5 in Hexes
 30277 | Orc:1    | Got Sif Muna's Precepts of Striking and the Faeries {god
                  | gift}
 30428 | Orc:1    | Found Runkengi's Antique Weapon Emporium.
 30574 | Orc:1    | Reached skill level 6 in Hexes
 30574 | Orc:1    | Reached XP level 15. HP: 62/73 MP: 25/30
 30744 | Orc:1    | You fall into a shaft and drop 1 floor!
 30744 | Orc:2    | Entered Level 2 of the Orcish Mines
 30751 | Orc:2    | Found a staircase to the Elven Halls.
 31378 | Orc:2    | Reached skill level 7 in Hexes
 31518 | Orc:2    | Noticed Blork the orc
 31526 | Orc:2    | Killed Blork the orc
 31924 | Orc:2    | Reached skill level 8 in Hexes
 32086 | Orc:2    | Noticed Rupert
 32109 | Orc:2    | Slain by Rupert

Vanquished Creatures
  An orc warlord (Orc:1)
  3 dire elephants (Lair:5)
  A slime creature (D:12)
  Fannar (Orc:1)
  5 hydras
  2 vault guards (Bailey)
  6 two-headed ogres
  A centaur warrior (D:9)
  2 catoblepae (Lair:3)
  3 boulder beetles
  4 death yaks (Lair:2)
  An orc high priest (Orc:2)
  4 skysharks
  A spectral anaconda (Lair:5)
  A skeletal warrior (D:9)
  An orb spider (Lair:2)
  2 necromancers (Lair:5)
  Pikel (D:8)
  2 orc knights
  2 cyclopes (Orc:1)
  A deep elf pyromancer (D:12)
  2 manticores (Lair:3)
  4 black mambas
  A black mamba (shapeshifter) (D:13)
  2 wolf spiders (Lair:5)
  2 kobold blastminers (Orc:1)
  A merfolk siren (Lair:2)
  2 dire elephant zombies (Lair:5)
  2 ice statues (IceCv)
  Maggie (D:9)
  15 elephants
  2 gargoyles
  A torpor snail (Lair:4)
  A dire elephant skeleton (Lair:5)
  An unseen horror (D:11)
  15 cane toads
  5 rime drakes
  12 komodo dragons
  7 trolls
  5 polar bears
  A spectral elephant (Lair:5)
  A hornet (D:10)
  Prince Ribbit (D:5)
  10 blink frogs
  2 dream sheep (Lair:4)
  2 vampires
  A wraith (D:9)
  Sigmund (D:3)
  34 yaks
  2 wyverns
  2 steam dragons
  11 humans
  5 basilisks
  3 wargs (Orc:1)
  A golden eye (Lair:2)
  A death yak simulacrum (Lair:5)
  A vampire mosquito (D:13)
  A spectral cane toad (Lair:5)
  2 acid dragons
  6 water moccasins
  22 orc warriors
  2 black bears
  An elephant zombie (Lair:5)
  4 ogres
  2 elephant skeletons (Lair:5)
  19 wolves
  2 centaurs
  A lemure (D:8)
  Blork the orc (Orc:2)
  25 bullfrogs
  4 kobold brigands
  4 gnoll sergeants
  4 scorpions
  A cane toad simulacrum (Lair:5)
  5 wights (D:7)
  3 lindwurm simulacra (IceCv)
  An elephant simulacrum (Lair:5)
  9 howler monkeys
  5 crimson imps
  5 komodo dragon simulacra (IceCv)
  A jelly (D:8)
  19 orc priests
  4 hounds
  5 iguanas
  24 orc wizards
  14 gnolls
  2 acid dragon simulacra (IceCv)
  6 adders
  2 shadow imps (D:6)
  3 white imps
  2 ufetubi (D:6)
  3 steam dragon simulacra (IceCv)
  2 dart slugs
  3 ribbon worms
  61 orcs
  4 ball pythons
  4 bats
  6 endoplasms
  A giant cockroach (D:2)
  14 goblins
  8 hobgoblins
  5 jackals
  3 quokkas
  7 frilled lizards
  10 kobolds
  2 rats
549 creatures vanquished.

Vanquished Creatures (collateral kills)
  An orc knight (Orc:1)
  A necromancer (Lair:5)
  A deep elf pyromancer (D:9)
  An elephant (Lair:5)
  2 cane toads
  A black mamba (Lair:1)
  A komodo dragon (Lair:4)
  A rime drake (Lair:5)
  3 yaks
  A basilisk (Lair:5)
  A wraith (D:12)
  A vampire mosquito (D:9)
  A steam dragon (D:9)
  10 water moccasins
  2 bullfrogs
  A howler monkey (D:11)
  2 crimson imps (D:9)
  3 acid dragon simulacra (IceCv)
  2 steam dragon simulacra (IceCv)
36 creatures vanquished.

Vanquished Creatures (others)
  112 blazeheart cores
112 creatures vanquished.

Grand Total: 697 creatures vanquished

Table legend: (Time is in decaauts)
 A = Elapsed time spent in this place.
 B = Non-inter-level travel time spent in this place.
 C = Inter-level travel time spent in this place.
 D = Time resting spent in this place.
 E = Time spent auto-exploring this place.
 F = Levels seen in this place.
 G = Mean time per level.
                   A        B        C        D        E       F      G
               +--------+--------+--------+--------+--------+-----+--------+
         Total |  25792 |  25069 |    723 |   5795 |  13775 |  23 | 1121.4 |
       Dungeon |  13464 |  12995 |    469 |   3248 |   7352 |  13 | 1035.7 |
        Temple |     55 |     55 |      0 |     54 |      0 |   1 |   55.0 |
          Lair |   9285 |   9051 |    234 |   1523 |   5419 |   5 | 1857.0 |
  Orcish Mines |   1795 |   1775 |     20 |    669 |    503 |   2 |  897.5 |
        Bailey |    563 |    563 |      0 |     87 |    325 |   1 |  563.0 |
      Ice Cave |    627 |    627 |      0 |    213 |    173 |   1 |  627.0 |
               +--------+--------+--------+--------+--------+-----+--------+

Top non-repeatable levels by time:
  Lair:5: 2985 daAuts
  Lair:2: 2698 daAuts
     D:8: 1943 daAuts
     D:9: 1863 daAuts
  Lair:4: 1321 daAuts
    D:11: 1320 daAuts
     D:4: 1294 daAuts
  Lair:3: 1184 daAuts
     D:3: 1154 daAuts
  Lair:1: 1094 daAuts
    D:10: 1024 daAuts
   Orc:2: 920 daAuts
     D:1: 903 daAuts
   Orc:1: 875 daAuts
     D:6: 860 daAuts

Table legend:
 A = Non-vault XP
 B = Vault XP
 C = Vault XP percentage of total XP
 D = Non-vault monster count
 E = Vault monster count
 F = Vault count percentage of total count
                 A         B        C        D         E       F
            +---------+---------+-------+---------+---------+-------
      Total |   53745 |   56008 |  51.0 |     375 |     209 |  35.8
            +---------+---------+-------+---------+---------+-------
        D:1 |      37 |       0 |   0.0 |      23 |       0 |   0.0
        D:2 |      23 |       0 |   0.0 |       9 |       0 |   0.0
        D:3 |     219 |     214 |  49.4 |      15 |       1 |   6.2
        D:4 |     491 |       0 |   0.0 |      34 |       0 |   0.0
        D:5 |     178 |     274 |  60.6 |       4 |       1 |  20.0
        D:6 |     582 |       0 |   0.0 |      20 |       0 |   0.0
        D:7 |     665 |       0 |   0.0 |      20 |       0 |   0.0
        D:8 |    2076 |    1871 |  47.4 |      27 |       9 |  25.0
        D:9 |    2137 |    6672 |  75.7 |      13 |      23 |  63.9
       D:10 |     914 |       8 |   0.9 |      19 |       4 |  17.4
       D:11 |    2559 |     769 |  23.1 |      12 |      17 |  58.6
       D:12 |    3366 |       0 |   0.0 |      11 |       0 |   0.0
       D:13 |     819 |       0 |   0.0 |       3 |       0 |   0.0
     Lair:1 |    6593 |       0 |   0.0 |      28 |       0 |   0.0
     Lair:2 |    5429 |   14119 |  72.2 |      17 |      42 |  71.2
     Lair:3 |    3795 |    2762 |  42.1 |      13 |       4 |  23.5
     Lair:4 |    7172 |       0 |   0.0 |      24 |       0 |   0.0
     Lair:5 |   11232 |   14512 |  56.4 |      32 |      36 |  52.9
      Orc:1 |    5150 |    5087 |  49.7 |      46 |       7 |  13.2
      Orc:2 |     308 |    2508 |  89.1 |       5 |      14 |  73.7
     Bailey |       0 |    5063 | 100.0 |       0 |      29 | 100.0
      IceCv |       0 |    2149 | 100.0 |       0 |      22 | 100.0
            +---------+---------+-------+---------+---------+-------
